 Dungeon Crawl Stone Soup version 0.27.1-1-g398f81649c (webtiles) character file.

Game seed: 11558073939592293365

8851 quinnr the Zephyrmancer (level 11, -6/57 HPs)
             Began as a Tengu Air Elementalist on Sept 3, 2021.
             Was a Priest of Vehumet.
             Mangled by a sphinx (15 damage)
             ... while paralysed by a sphinx
             ... on level 9 of the Dungeon on Sept 5, 2021.
             The game lasted 00:32:35 (15434 turns).

quinnr the Zephyrmancer (Tengu Air Elementalist)   Turns: 15434, Time: 00:32:36

Health: -6/57      AC:  2    Str:  9    XL:     11   Next: 37%
Magic:  20/22      EV:  5    Int: 18    God:    Vehumet [***...]
Gold:   64         SH:  0    Dex: 20    Spells: 16/24 levels left

rFire    + . .     SeeInvis +   (weapon currently unavailable)
rCold    . . .     Faith    +   (shield currently unavailable)
rNeg     . . .     Spirit   .   (armour currently unavailable)
rPois    x         Reflect  .   (helmet currently unavailable)
rElec    .         Harm     .   (cloak currently unavailable)
rCorr    .         Rampage  .   (gloves currently unavailable)
Will     .....                  (boots unavailable)
Stlth    +++.......             x - amulet of faith
HPRegen  0.19/turn              n - ring of protection from fire
MPRegen  0.18/turn              i - ring of see invisible

@: paralysed, spider-form, flying quickly and evasively, slowed, quick
A: venomous fangs, flying, tiny, (beak), (talons 3), nimble flight
a: End Transformation, Renounce Religion


You were on level 9 of the Dungeon.
You worshipped Vehumet.
Vehumet was most pleased with you.
You were a venomous arachnid creature.
You visited 2 branches of the dungeon, and saw 10 of its levels.

You collected 383 gold pieces.
You spent 319 gold pieces at shops.

Inventory:

Armour
 a - a +0 robe
 e - a +2 cloak
 f - +0 steam dragon scales
 C - a +0 cloak of preservation (melded)
 D - a +1 robe of willpower (melded)
 E - a +0 pair of gloves (melded)
Magical Staves
 o - a staff of poison (melded)
 p - a staff of death
Jewellery
 c - a +6 ring of dexterity
 i - a ring of see invisible (right front leg)
 n - a ring of protection from fire (left front leg)
 x - an amulet of faith (around neck)
 y - an amulet of the acrobat
Wands
 j - a wand of mindburst (14)
 l - a wand of acid (7)
 F - a wand of iceblast (14)
Scrolls
 d - 3 scrolls of enchant weapon
 k - a scroll of vulnerability {unknown}
 q - a scroll of fear
 t - 2 scrolls of magic mapping {unknown}
 u - 2 scrolls of teleportation
 w - a scroll of holy word {unknown}
 A - a scroll of torment {unknown}
Potions
 b - 4 potions of curing
 g - 2 potions of magic {unknown}
 h - 3 potions of lignification
 m - 4 potions of brilliance
 r - 2 potions of heal wounds
 s - a potion of attraction {unknown}
 v - 5 potions of might {unknown}
 z - 2 potions of haste {unknown}
 B - a potion of flight {unknown}


   Skills:
 - Level 2.0 Fighting
 - Level 11.0 Dodging
 - Level 5.0 Stealth
 - Level 7.0 Spellcasting
 - Level 1.3 Conjurations
 - Level 2.0 Transmutations
 + Level 12.8 Air Magic
 - Level 4.0 Poison Magic
 - Level 3.0 Evocations


You had 16 spell levels left.
You knew the following spells:

 Your Spells              Type           Power      Damage    Failure   Level
a - Shock                 Conj/Air       100%       1d9       1%          1
b - Airstrike             Air            25%        N/A       1%          4
c - Spider Form           Tmut/Pois      8%         N/A       24%         3

Your spell library contained the following spells:

 Spells                   Type           Power      Damage    Failure   Level
 Poisonous Vapours        Pois/Air       72%        N/A       1%          2
 Static Discharge         Conj/Air       31%        N/A       1%          2
 Swiftness                Air            51%        N/A       1%          3
 Beastly Appendage        Tmut           26%        N/A       14%         1
 Wereblood                Tmut           13%        N/A       19%         2
 Slow                     Hex            6%         N/A       34%         2
 Confusing Touch          Hex            6%         N/A       54%         3
 Vampiric Draining        Necr           3%         2d6       54%         3


Dungeon Overview and Level Annotations

Branches:
Dungeon (9/15)             Temple (1/1) D:7            Lair (0/6) D:9
    Orc: D:9-12

Altars:
Ashenzari
Cheibriados
Elyvilon
Fedhas
Gozag
Hepliaklqana
Makhleb
Nemelex Xobeh
Okawaru
Qazlal
Ru
Sif Muna
Trog
Uskayaw
Vehumet
Wu Jian
Xom
Yredelemnul
Zin
The Shining One
Lugonu

Shops:
D:8 (!*

Annotations:
D:9 4 transporters, exclusion: sphinx, bnorton916's ghost, journeyman DECj


Innate Abilities, Weirdness & Mutations

You are a venomous arachnid creature.
You have poisonous fangs.
You are tiny and dextrous.
You are flying.
Your spellcasting is less reliable in this form.
Your armour is entirely melded.
You are incapable of wielding weapons or throwing items.
((You have a beak for a mouth.))
((You have claws for feet.))
Your magical nature lets you fly swiftly and evasively.


Message History

Partly explored, unvisited transporter and can't reach some places.
Really fly into a travel-excluded area?
Casting: Airstrike (safe; 1% risk of failure)
Confirm with . or Enter, or press ? or * to list all spells.
You can't see any susceptible monsters within range! (Use Z to cast anyway.) Unknown command.
Really fly into a travel-excluded area?
Casting: Airstrike (safe; 1% risk of failure)
Confirm with . or Enter, or press ? or * to list all spells.
You don't know that spell.
Press: ? - help, v - describe, . - travel
Here: a sphinx (asleep)
The floor.
Unknown command.
Casting: Airstrike (safe; 1% risk of failure)
Confirm with . or Enter, or press ? or * to list all spells.
You feel a surge of power!
You turn into a venomous arachnid creature.
Your staff of poison melds into your body.
Your +0 cloak of preservation melds into your body.
Your +0 pair of gloves melds into your body.
Your +1 robe of willpower melds into your body.
You feel less strong-willed.
Really fly into a travel-excluded area?
The sphinx shouts!
You hit the sphinx.
The sphinx is poisoned.
The sphinx is lightly wounded.
The sphinx hits you!! The sphinx completely misses you.
The sphinx closely misses you.
You hit the sphinx but do no damage.
The sphinx looks even sicker.
The sphinx mumbles some strange words.
You feel yourself slow down.
The sphinx mumbles some strange words.
You suddenly lose the ability to move!
The sphinx hits you!!
* * * LOW HITPOINT WARNING * * *
The sphinx hits you but does no damage. The sphinx hits you.
* * * LOW HITPOINT WARNING * * *
The sphinx hits you!
You die...

#############
#.....##....# ###
#........##'## ..#
#.########...## ..#
#.#.....#.###.# ..#
#.#.....#.# #.# ..#
#.#.....#s# #.#
..######.#.....##H..##
.........##'##########
.....................#####
......<..................#
##(######.....§........#.#
.#.#....#...#......§§....#
.#.#....##....§≈.≈≈§§§≈..#
.#.#.....#....§.....§.≈..#


You could see a sphinx (very poisoned).

Vanquished Creatures
  2 two-headed ogres
  A deep elf pyromancer (D:9)
  An elephant (D:9)
  A gargoyle (D:9)
  Sigmund (D:2)
  A shadow (D:8)
  7 yaks
  2 wyverns (D:9)
  2 basilisks (D:9)
  Eustachio (D:6)
  2 steam dragons
  A water moccasin (D:6)
  2 black bears
  6 orc warriors
  2 ice beasts (D:5)
  A sky beast (D:6)
  An ogre (D:5)
  3 centaurs
  3 kobold brigands
  5 bullfrogs
  2 scorpions
  A water moccasin skeleton (D:4)
  9 killer bees
  A wight (D:7)
  3 howler monkeys (D:9)
  3 lava snakes (D:8)
  2 centaur zombies
  A hound (D:5)
  Crazy Yiuf (D:2)
  10 orc priests
  A bullfrog skeleton (D:7)
  3 iron imps (D:9)
  2 iguanas
  10 orc wizards
  2 hound skeletons (D:4)
  A howler monkey skeleton (D:7)
  5 adders
  7 gnolls
  2 white imps
  2 ufetubi
  2 worms
  4 dart slugs
  45 orcs
  7 ball pythons
  2 bats (D:2)
  5 endoplasms
  3 giant cockroaches
  4 hobgoblins
  6 jackals
  21 kobolds
  2 quokkas (D:1)
  4 frilled lizards
  8 goblins
  8 rats
234 creatures vanquished.

Vanquished Creatures (others)
  4 fungi (D:9)
  26 plants
30 creatures vanquished.

Grand Total: 264 creatures vanquished

Notes
Turn   | Place    | Note
-------+----------+-------------------------------------------
     0 | D:1      | quinnr the Tengu Air Elementalist began the quest for the
                  | Orb.
     0 | D:1      | Reached XP level 1. HP: 10/10 MP: 4/4
   140 | D:1      | Found a faded altar of an unknown god.
   213 | D:1      | Reached XP level 2. HP: 15/15 MP: 0/6
   789 | D:1      | Reached skill level 5 in Air Magic
   873 | D:1      | Reached XP level 3. HP: 19/19 MP: 4/7
  1364 | D:2      | Found an opulent altar of Gozag.
  1721 | D:2      | Found a runed translucent door.
  1722 | D:2      | Noticed Crazy Yiuf
  1907 | D:2      | Reached XP level 4. HP: 24/24 MP: 6/8
  2139 | D:2      | Reached skill level 6 in Air Magic
  2489 | D:2      | Noticed Sigmund
  2795 | D:4      | Found a glowing silver altar of Zin.
  3031 | D:4      | Gained mutation: Your magical nature lets you fly swiftly
                  | and evasively. [Tengu growth]
  3031 | D:4      | Reached XP level 5. HP: 24/28 MP: 0/9
  3036 | D:4      | Learned a level 4 spell: Airstrike
  3198 | D:4      | Reached skill level 7 in Air Magic
  4161 | D:5      | Entered Level 5 of the Dungeon
  4168 | D:5      | You are sucked into a shaft and drop 3 floors!
  4168 | D:8      | Found Qiuv's Antique Weapon Shoppe.
  4707 | D:7      | Found a staircase to the Ecumenical Temple.
  4714 | Temple   | Entered the Ecumenical Temple
  4741 | Temple   | Became a worshipper of Vehumet
  4765 | D:7      | Noticed a centaur
  4768 | D:7      | Killed a centaur
  4769 | D:7      | Reached skill level 1 in Fighting
  4769 | D:7      | Reached XP level 6. HP: 11/34 MP: 0/10
  5066 | D:6      | Noticed a sky beast
  5180 | D:7      | Noticed a steam dragon
  5183 | D:7      | Killed a steam dragon
  5184 | D:7      | Reached skill level 8 in Air Magic
  5184 | D:7      | Reached XP level 7. HP: 38/38 MP: 9/12
  5445 | D:7      | Reached skill level 1 in Evocations
  5666 | D:7      | Reached skill level 9 in Air Magic
  5874 | D:6      | Reached skill level 5 in Dodging
  6126 | D:6      | Reached XP level 8. HP: 43/43 MP: 4/14
  6743 | D:6      | Noticed Eustachio
  6758 | D:6      | Killed Eustachio
  6759 | D:6      | Reached skill level 10 in Air Magic
  7062 | D:6      | Reached skill level 11 in Air Magic
  7583 | D:6      | Found a glowing golden altar of the Shining One.
  7667 | D:6      | Reached XP level 9. HP: 33/47 MP: 5/16
  7920 | D:7      | Reached skill level 12 in Air Magic
  8082 | D:7      | Found a sacrificial altar of Ru.
  8237 | D:7      | Reached * piety under Vehumet
  8237 | D:7      | Offered knowledge of Freeze by Vehumet.
  8873 | D:8      | Found Fecoofio's Assorted Antiques.
  8878 | D:8      | Bought a scroll of identify for 52 gold pieces
  8878 | D:8      | Bought a scroll labelled ZYLIUD WEFYMI for 26 gold pieces
  8878 | D:8      | Bought 2 murky brown potions for 46 gold pieces
  8879 | D:8      | Bought a scroll of teleportation for 78 gold pieces
  8922 | D:8      | Reached skill level 5 in Spellcasting
  9065 | D:8      | Noticed a two-headed ogre
  9075 | D:8      | Killed a two-headed ogre
  9076 | D:8      | Reached skill level 5 in Stealth
  9450 | D:5      | Reached XP level 10. HP: 52/52 MP: 14/20
 10428 | D:3      | Offered knowledge of Searing Ray by Vehumet.
 10430 | D:3      | Reached ** piety under Vehumet
 10829 | D:3      | Found a sparkling altar of Nemelex Xobeh.
 10889 | D:3      | Found a glowing silver altar of Zin.
 10892 | D:3      | Found a glowing silver altar of Zin.
 10892 | D:3      | Found a burning altar of Makhleb.
 10894 | D:3      | Found a bloodstained altar of Trog.
 10894 | D:3      | Found a shimmering altar of Xom.
 10894 | D:3      | Found a shimmering altar of Xom.
 11006 | D:2      | Learned a level 3 spell: Spider Form
 11055 | D:2      | Killed Sigmund
 11186 | D:2      | Killed Crazy Yiuf
 11838 | D:8      | Found a basalt altar of Yredelemnul.
 11939 | D:7      | Reached skill level 1 in Poison Magic
 12395 | D:7      | Upgraded the game from 0.27.1 to 0.27.1-1-g398f81649c
 12837 | D:8      | Found Nalois's Distillery.
 12850 | D:8      | Offered knowledge of Poisonous Vapours by Vehumet.
 12852 | D:8      | Bought a potion of heal wounds for 65 gold pieces
 12852 | D:8      | Bought a potion of brilliance for 52 gold pieces
 13267 | D:9      | Noticed a sphinx
 13292 | D:9      | Found a hazy altar of Hepliaklqana.
 13415 | D:9      | Noticed a deep elf pyromancer
 13422 | D:9      | Killed a deep elf pyromancer
 13423 | D:9      | Reached skill level 10 in Dodging
 13491 | D:9      | Noticed a two-headed ogre
 13496 | D:9      | Killed a two-headed ogre
 13497 | D:9      | Reached XP level 11. HP: 56/56 MP: 6/22
 13594 | D:9      | Found a blossoming altar of Fedhas.
 13806 | D:9      | Reached skill level 1 in Transmutations
 14205 | D:9      | Noticed a brown ugly thing
 14206 | D:9      | Found a transporter.
 14208 | D:9      | Found a transporter.
 14208 | D:9      | Found a corrupted altar of Lugonu.
 14208 | D:9      | Noticed a purple ugly thing
 14208 | D:9      | Noticed a red ugly thing
 14209 | D:9      | Noticed a green ugly thing
 14321 | D:8      | Reached *** piety under Vehumet
 14587 | D:9      | Found a white marble altar of Elyvilon.
 14640 | D:9      | Found a transporter.
 14655 | D:9      | Noticed bnorton916's ghost (journeyman DECj)
 14668 | D:9      | Noticed a rakshasa
 14671 | D:9      | Noticed a green ugly thing
 14674 | D:9      | Found a transporter.
 15065 | D:9      | Found a staircase to the Lair.
 15170 | D:9      | Found a burning altar of Makhleb.
 15432 | D:9      | Paralysed by a sphinx for 4 turns
 15434 | D:9      | Mangled by a sphinx

Illustrated notes

Levels and vault maps discovered:
D:1:      enne_arrival_octagon_isle, layout_loops_ring,
          ebering_ecumenical_altar_sacrificial, serial_park_tiny_2,
          minmay_indecisive_spiral
D:2:      layout_loops_corners, basic_altar, serial_glass, glass_columns_c,
          glass_columns_b, grunt_ministairs_15, minivault_25,
          minmay_misc_feat_enclosed, fountainhead, uniq_sigmund,
          uniq_crazy_yiuf_cottage
D:3:      layout_rooms, doesnt_xom_only_xom, amcnicky_altar_gilded,
          serial_bayou_lake_a
D:4:      layout_layer_cave, zin_scriptorium
D:5:      layout_basic, nicolae_overflow_hidden_temple
D:6:      layout_loops_ring, mainiacjoe_overflow_tiny_flanked,
          minmay_misc_feat_x, lightli_minifort, uniq_eustachio
D:7:      minmay_skewed_foursquare, layout_gridville, nicolae_ru_path_of_blood,
          minmay_temple_entry_offerings
D:8:      layout_basic, yredelemnul_altar_generic, serial_shops, shop, shop,
          nicolae_inconvenience_store
D:9:      gammafunk_corrupted_shrine, layout_irregular_city,
          mainiacjoe_overflow_surrounded_room, fedhas_altar_3, demons_altar,
          mainiacjoe_overflow_concentric_impassable, david_lair_generic,
          gammafunk_ghost_abyssal_escape, kennysheep_just_a_vault
Temple:   eino_temple_lava

Skill      XL: |  1  2  3  4  5  6  7  8  9 10 11 |
---------------+----------------------------------+-----
Air Magic      | 5 6 7 8 9 11 12 | 12.8
Dodging        | 3 4 5 7 10 11 | 11.0
Fighting       | 1 2 |  2.0
Spellcasting   | 3 4 6 7 |  7.0
Evocations     | 2 3 |  3.0
Stealth        | 5 |  5.0
Poison Magic   | 4 |  4.0
Transmutations | 2 |  2.0
Conjurations   | |  1.3

Action                   |  1- 3 |  4- 6 |  7- 9 | 10-12 || total
-------------------------+-------+-------+-------+-------++-------
Melee: Unarmed           |     1 |    17 |    10 |    32 ||    60
       Kick              |     1 |     3 |    19 |     4 ||    27
       Peck              |       |     4 |    10 |     3 ||    17
       Staff             |       |       |    30 |    15 ||    45
 Cast: Shock             |    79 |   103 |   183 |   223 ||   588
       Airstrike         |       |     3 |    31 |    59 ||    93
       Spider Form       |       |       |       |     5 ||     5
Evoke: Wand              |       |     2 |     3 |       ||     5
  Use: Scroll            |       |     8 |     1 |     1 ||    10
 Stab: Fleeing           |       |       |       |     2 ||     2
Armor: Robe              |     4 |    12 |    28 |    10 ||    54
       Skin              |       |       |       |     2 ||     2
Dodge: Dodged            |    10 |    68 |   131 |   181 ||   390
